[ PARTIDA AOE2 · #495976769 ]
UnrankedSarracenos vs Bulgarians
Equipo del jugador · DERR
Equipo rival · VICT
[ ANÁLISIS DE REPETICIÓN · EXTRAÍDO DE LA PARTIDA GRABADA ]
Feudal
9:41
Castillos
18:14
Imperial
36:55
| APM promedio | 60.9 |
| APM pico | 105 |
| eAPM promedio | 30.1 |
| Aldeanos / militares | 178 / 87 |
Foco
⚔️ 39.6% · 🌾 60.4%
Camel Scout ×55 · Hand Cannoneer ×13 · Archer ×6 · Trebuchet (Packed) ×5 · Mameluke ×3 · Monk ×2
Feudal
8:55
Castillos
18:23
Imperial
36:14
| APM promedio | 67.3 |
| APM pico | 117 |
| eAPM promedio | 29.7 |
| Aldeanos / militares | 142 / 142 |
Foco
⚔️ 35.3% · 🌾 64.7%
Spearman ×85 · Cavalry Archer ×33 · Skirmisher ×7 · Monk ×5 · Militia ×5 · Battering Ram ×4
Mapa de la partida
Recursos iniciales + cada clic de construcción. Líneas = muros · curvas = relieve. ◆ oro · ⬟ piedra · ● bayas · ✦ reliquia · ◌ hueco del cierre
Tu base· Abierta — el rival se encerró
Base de Z4ID· ✓ Cerrada en 18:23 · 35t muro · 1 puerta(s)
Terreno inicial suavizado · ◌ = hueco del cierre detectado · pasá el cursor para detalles
Inputs por minuto
— Taeyoon - - Z4ID
Build order — Taeyoon
Primeras 150 de 460 acciones detectadas
| 0:00 | Crear | Villager (Male) |
| 0:01 | Crear | Villager (Male) |
| 0:01 | Crear | Villager (Male) |
| 0:04 | Construir | House |
| 0:05 | Construir | House |
| 0:12 | Construir | House |
| 0:17 | Crear | Villager (Male) |
| 0:18 | Crear | Villager (Male) |
| 1:32 | Crear | Villager (Male) |
| 2:01 | Crear | Villager (Male) |
| 2:30 | Crear | Villager (Male) |
| 2:30 | Crear | Villager (Male) |
| 2:40 | Crear | Villager (Male) |
| 3:16 | Crear | Villager (Male) |
| 3:18 | Crear | Villager (Male) |
| 3:55 | Construir | Lumber Camp |
| 3:59 | Crear | Villager (Male) |
| 3:59 | Crear | Villager (Male) |
| 4:12 | Construir | House |
| 4:31 | Crear | Villager (Male) |
| 4:43 | Crear | Villager (Male) |
| 4:44 | Crear | Villager (Male) |
| 4:55 | Crear | Villager (Male) |
| 4:55 | Crear | Villager (Male) |
| 5:02 | Crear | Villager (Male) |
| 5:32 | Construir | Mining Camp |
| 5:45 | Construir | Palisade Wall |
| 6:14 | Construir | House |
| 6:19 | Crear | Villager (Male) |
| 6:19 | Investigar | Loom |
| 6:31 | Construir | Palisade Wall |
| 6:49 | Construir | Palisade Wall |
| 7:03 | Investigar | Feudal Age |
| 7:03 | Investigar | Feudal Age |
| 7:09 | Construir | Palisade Wall |
| 7:53 | Construir | Palisade Wall |
| 7:58 | Construir | Palisade Wall |
| 8:01 | Construir | House |
| 8:18 | Construir | Mill |
| 8:24 | Construir | House |
| 8:25 | Construir | Palisade Wall |
| 9:27 | Crear | Villager (Male) |
| 9:41 | Edad | Edad Feudal |
| 9:44 | Construir | Barracks |
| 9:46 | Crear | Villager (Male) |
| 9:51 | Investigar | Double-Bit Axe |
| 9:57 | Crear | Villager (Male) |
| 10:01 | Construir | House |
| 10:05 | Crear | Villager (Male) |
| 10:12 | Construir | Palisade Wall |
| 10:13 | Construir | Palisade Wall |
| 10:14 | Construir | Palisade Wall |
| 10:17 | Construir | House |
| 10:26 | Construir | Palisade Wall |
| 10:27 | Construir | Palisade Wall |
| 10:31 | Construir | Market |
| 10:44 | Construir | House |
| 10:58 | Crear | Villager (Male) |
| 11:03 | Construir | House |
| 11:07 | Crear | Villager (Male) |
| 11:13 | Construir | Palisade Wall |
| 11:28 | Crear | Villager (Male) |
| 11:44 | Construir | Farm |
| 11:45 | Construir | Farm |
| 11:55 | Construir | Farm |
| 12:07 | Construir | Archery Range |
| 12:09 | Construir | Farm |
| 12:27 | Crear | Villager (Male) |
| 12:27 | Crear | Villager (Male) |
| 12:43 | Construir | Farm |
| 12:43 | Construir | Farm |
| 12:45 | Construir | Farm |
| 12:48 | Crear | Archer |
| 12:48 | Crear | Archer |
| 12:57 | Crear | Villager (Male) |
| 13:06 | Crear | Archer |
| 13:08 | Crear | Villager (Male) |
| 13:35 | Crear | Archer |
| 13:47 | Crear | Villager (Male) |
| 14:08 | Crear | Villager (Male) |
| 14:20 | Construir | Blacksmith |
| 14:40 | Construir | Palisade Wall |
| 14:42 | Crear | Villager (Male) |
| 14:47 | Crear | Villager (Male) |
| 14:49 | Construir | Farm |
| 15:08 | Crear | Villager (Male) |
| 15:10 | Construir | Farm |
| 15:20 | Construir | House |
| 15:34 | Investigar | Castle Age |
| 15:35 | Investigar | Castle Age |
| 15:38 | Construir | Farm |
| 15:48 | Crear | Villager (Male) |
| 15:59 | Crear | Villager (Male) |
| 16:03 | Construir | Palisade Wall |
| 16:18 | Crear | Villager (Male) |
| 16:30 | Crear | Archer |
| 17:01 | Construir | House |
| 17:07 | Crear | Archer |
| 17:25 | Investigar | Gold Mining |
| 17:27 | Investigar | Horse Collar |
| 17:49 | Investigar | Fletching |
| 18:14 | Edad | Edad de los Castillos |
| 18:16 | Construir | Town Center |
| 18:21 | Investigar | Bow Saw |
| 19:17 | Crear | Villager (Male) |
| 19:20 | Construir | Stable |
| 19:29 | Crear | Villager (Male) |
| 19:32 | Construir | Town Center |
| 19:40 | Crear | Villager (Male) |
| 19:40 | Crear | Villager (Male) |
| 20:07 | Construir | Farm |
| 20:09 | Construir | Farm |
| 20:12 | Crear | Villager (Male) |
| 20:12 | Crear | Villager (Male) |
| 20:17 | Crear | Knight |
| 20:18 | Crear | Knight |
| 20:22 | Crear | Villager (Male) |
| 20:22 | Crear | Villager (Male) |
| 20:22 | Crear | Villager (Male) |
| 20:24 | Crear | Villager (Male) |
| 20:24 | Crear | Villager (Male) |
| 20:27 | Construir | Farm |
| 20:28 | Construir | Farm |
| 20:33 | Construir | Farm |
| 20:44 | Construir | Farm |
| 20:49 | Construir | Farm |
| 20:58 | Crear | Villager (Male) |
| 20:59 | Crear | Villager (Male) |
| 20:59 | Crear | Villager (Male) |
| 21:01 | Construir | Farm |
| 21:06 | Construir | Farm |
| 21:15 | Crear | Villager (Male) |
| 21:15 | Crear | Villager (Male) |
| 21:17 | Construir | Farm |
| 21:20 | Construir | Farm |
| 21:22 | Construir | Farm |
| 21:33 | Crear | Camel Scout |
| 21:41 | Construir | Farm |
| 21:42 | Crear | Villager (Male) |
| 21:45 | Construir | House |
| 21:57 | Crear | Villager (Male) |
| 21:57 | Crear | Villager (Male) |
| 22:11 | Crear | Camel Scout |
| 22:13 | Crear | Villager (Male) |
| 22:13 | Crear | Villager (Male) |
| 22:14 | Crear | Villager (Male) |
| 22:14 | Crear | Villager (Male) |
| 22:25 | Construir | Farm |
| 22:26 | Construir | Farm |
| 22:28 | Construir | Farm |
Build order — Z4ID
Primeras 150 de 510 acciones detectadas
| 0:01 | Crear | Villager (Male) |
| 0:01 | Crear | Villager (Male) |
| 0:02 | Construir | House |
| 0:04 | Construir | House |
| 0:05 | Crear | Villager (Male) |
| 0:15 | Crear | Villager (Male) |
| 1:34 | Crear | Villager (Male) |
| 1:48 | Construir | Lumber Camp |
| 2:01 | Crear | Villager (Male) |
| 2:15 | Crear | Villager (Male) |
| 2:46 | Crear | Villager (Male) |
| 3:07 | Crear | Villager (Male) |
| 3:40 | Crear | Villager (Male) |
| 3:50 | Crear | Villager (Male) |
| 4:18 | Construir | House |
| 4:27 | Crear | Villager (Male) |
| 4:34 | Crear | Villager (Male) |
| 4:50 | Crear | Villager (Male) |
| 5:21 | Construir | Barracks |
| 5:26 | Construir | Barracks |
| 5:27 | Crear | Villager (Male) |
| 5:54 | Construir | House |
| 6:08 | Investigar | Loom |
| 6:21 | Construir | Palisade Wall |
| 6:45 | Investigar | Feudal Age |
| 7:22 | Crear | Militia |
| 7:23 | Crear | Militia |
| 7:49 | Crear | Militia |
| 7:49 | Crear | Militia |
| 8:05 | Construir | House |
| 8:06 | Construir | Palisade Wall |
| 8:11 | Crear | Militia |
| 8:30 | Crear | Villager (Male) |
| 8:55 | Edad | Edad Feudal |
| 8:57 | Construir | Mill |
| 8:57 | Crear | Villager (Male) |
| 9:06 | Investigar | Double-Bit Axe |
| 9:11 | Crear | Villager (Male) |
| 9:21 | Construir | Outpost |
| 9:27 | Crear | Villager (Male) |
| 9:29 | Construir | Farm |
| 9:39 | Construir | Farm |
| 9:51 | Crear | Villager (Male) |
| 10:12 | Crear | Villager (Male) |
| 10:28 | Crear | Villager (Male) |
| 10:31 | Construir | Farm |
| 10:32 | Construir | Farm |
| 10:34 | Construir | Farm |
| 10:36 | Crear | Villager (Male) |
| 10:56 | Construir | Farm |
| 11:04 | Construir | House |
| 11:14 | Construir | Farm |
| 11:26 | Construir | Farm |
| 11:26 | Construir | Farm |
| 11:30 | Crear | Villager (Male) |
| 11:39 | Construir | Farm |
| 11:56 | Construir | Farm |
| 11:59 | Construir | Farm |
| 12:01 | Crear | Villager (Male) |
| 12:11 | Construir | House |
| 12:25 | Construir | Mining Camp |
| 12:36 | Crear | Villager (Male) |
| 12:42 | Construir | House |
| 13:04 | Crear | Villager (Male) |
| 13:31 | Construir | Blacksmith |
| 13:40 | Crear | Villager (Male) |
| 13:59 | Construir | Archery Range |
| 14:09 | Construir | Palisade Wall |
| 14:09 | Crear | Villager (Male) |
| 14:16 | Construir | Palisade Wall |
| 14:27 | Construir | Palisade Wall |
| 14:36 | Crear | Villager (Male) |
| 15:00 | Crear | Villager (Male) |
| 15:43 | Investigar | Castle Age |
| 15:44 | Investigar | Castle Age |
| 15:45 | Crear | Skirmisher |
| 15:46 | Crear | Skirmisher |
| 16:01 | Construir | Lumber Camp |
| 16:04 | Crear | Skirmisher |
| 16:14 | Investigar | Horse Collar |
| 16:37 | Crear | Skirmisher |
| 16:48 | Construir | House |
| 16:52 | Investigar | Fletching |
| 16:52 | Investigar | Padded Archer Armor |
| 17:05 | Crear | Skirmisher |
| 17:10 | Construir | Archery Range |
| 17:21 | Investigar | Gold Mining |
| 17:31 | Crear | Skirmisher |
| 17:43 | Construir | Palisade Gate |
| 17:48 | Crear | Skirmisher |
| 18:04 | Investigar | Town Watch |
| 18:05 | Investigar | Town Watch |
| 18:10 | Construir | Farm |
| 18:14 | Construir | Farm |
| 18:15 | Construir | Farm |
| 18:23 | Edad | Edad de los Castillos |
| 18:25 | Construir | Farm |
| 18:25 | Construir | Farm |
| 18:27 | Crear | Villager (Male) |
| 18:27 | Investigar | Bodkin Arrow |
| 18:41 | Investigar | Leather Archer Armor |
| 18:41 | Investigar | Leather Archer Armor |
| 18:55 | Crear | Villager (Male) |
| 19:11 | Crear | Cavalry Archer |
| 19:12 | Crear | Cavalry Archer |
| 19:16 | Crear | Villager (Male) |
| 19:52 | Construir | Town Center |
| 20:03 | Crear | Cavalry Archer |
| 20:03 | Crear | Cavalry Archer |
| 20:07 | Crear | Villager (Male) |
| 20:08 | Construir | Farm |
| 20:10 | Crear | Villager (Male) |
| 20:25 | Construir | House |
| 20:29 | Crear | Cavalry Archer |
| 20:34 | Crear | Villager (Male) |
| 20:45 | Crear | Cavalry Archer |
| 20:52 | Investigar | Wheelbarrow |
| 20:57 | Construir | House |
| 21:05 | Crear | Cavalry Archer |
| 21:17 | Construir | Farm |
| 21:20 | Crear | Villager (Male) |
| 21:22 | Construir | House |
| 21:33 | Crear | Cavalry Archer |
| 21:38 | Construir | Farm |
| 21:38 | Construir | Farm |
| 21:39 | Crear | Villager (Male) |
| 21:41 | Crear | Villager (Male) |
| 21:45 | Crear | Cavalry Archer |
| 21:52 | Crear | Villager (Male) |
| 22:03 | Crear | Cavalry Archer |
| 22:07 | Construir | House |
| 22:08 | Construir | House |
| 22:11 | Crear | Villager (Male) |
| 22:21 | Construir | Farm |
| 22:21 | Construir | Farm |
| 22:28 | Crear | Villager (Male) |
| 22:37 | Construir | Monastery |
| 22:56 | Crear | Villager (Male) |
| 22:56 | Crear | Villager (Male) |
| 22:58 | Construir | Farm |
| 23:01 | Crear | Cavalry Archer |
| 23:05 | Crear | Cavalry Archer |
| 23:09 | Crear | Villager (Male) |
| 23:11 | Construir | Farm |
| 23:12 | Construir | Farm |
| 23:25 | Crear | Monk |
| 23:31 | Crear | Villager (Male) |
| 23:32 | Construir | Farm |
| 23:32 | Construir | Farm |
| 23:34 | Investigar | Bow Saw |
Cronología de la partida
| 5:21 | Z4ID · first_building Barracks |
| 5:45 | Taeyoon · wall_segment Palisade Wall x11 |
| 6:21 | Z4ID · wall_segment Palisade Wall x2 |
| 6:31 | Taeyoon · wall_segment Palisade Wall x5 |
| 6:49 | Taeyoon · wall_segment Palisade Wall x7 |
| 7:09 | Taeyoon · wall_segment Palisade Wall x3 |
| 7:53 | Taeyoon · wall_segment Palisade Wall x12 |
| 7:58 | Taeyoon · wall_segment Palisade Wall x1 |
| 8:06 | Z4ID · wall_segment Palisade Wall x1 |
| 8:25 | Taeyoon · wall_segment Palisade Wall x1 |
| 8:55 | Z4ID · age_up feudal |
| 9:41 | Taeyoon · age_up feudal |
| 9:44 | Taeyoon · first_building Barracks |
| 10:12 | Taeyoon · wall_segment Palisade Wall x1 |
| 10:13 | Taeyoon · wall_segment Palisade Wall x1 |
| 10:14 | Taeyoon · wall_segment Palisade Wall x1 |
| 10:26 | Taeyoon · wall_segment Palisade Wall x1 |
| 10:27 | Taeyoon · wall_segment Palisade Wall x1 |
| 11:13 | Taeyoon · wall_segment Palisade Wall x1 |
| 11:47 | Taeyoon · first_market_sell 100 stone |
| 11:48 | Taeyoon · first_market_buy 100 food |
| 12:07 | Taeyoon · first_building Archery Range |
| 13:59 | Z4ID · first_building Archery Range |
| 14:09 | Z4ID · wall_segment Palisade Wall x10 |
| 14:16 | Z4ID · wall_segment Palisade Wall x11 |
| 14:27 | Z4ID · wall_segment Palisade Wall x11 |
| 14:40 | Taeyoon · wall_segment Palisade Wall x1 |
| 16:03 | Taeyoon · wall_segment Palisade Wall x1 |
| 18:14 | Taeyoon · age_up castle |
| 18:23 | Z4ID · age_up castle |
| 19:20 | Taeyoon · first_building Stable |
| 22:37 | Z4ID · first_building Monastery |
| 26:32 | Z4ID · first_building Stable |
| 28:11 | Taeyoon · first_building Monastery |
| 29:39 | Z4ID · first_building Krepost |
| 32:09 | Z4ID · first_building Castle |
| 34:38 | Taeyoon · first_building Castle |
| 35:22 | Z4ID · first_building Siege Workshop |
| 36:14 | Z4ID · age_up imperial |
| 36:55 | Taeyoon · age_up imperial |
| 37:38 | Taeyoon · first_building Siege Workshop |
| 41:47 | Taeyoon · resign |
[ ANÁLISIS IA · 1 CRÉDITO ]
¿Qué pasó realmente en esta partida?
Wolo.gg analiza cada decisión: build order, eco, micro, errores típicos por bracket. Análisis personalizado por WhatsApp o Discord en 30 segundos.
Guía civ
Sarracenos
Perfil
Jugador #1691357